 Dungeon Crawl Stone Soup version 0.21.0-24-g2553a33 (webtiles) character file.

312 terra52 the Chopper (level 6, -2/53 HPs)
             Began as a Hill Orc Fighter on Jan 20, 2018.
             Slain by a gnoll
             ... wielding a +0 halberd
              (5 damage)
             ... on level 3 of the Dungeon.
             The game lasted 00:05:19 (1342 turns).

terra52 the Chopper (Hill Orc Fighter)              Turns: 1342, Time: 00:05:20

Health: -2/53      AC:  8    Str: 20    XL:     6   Next: 42%
Magic:  6/6        EV: 13    Int:  8    God:
Gold:   97         SH: 10    Dex: 14    Spells: 5/5 levels left

rFire    . . .     SeeInvis .   a - +0 war axe
rCold    . . .     Gourm    .   c - +0 shield
rNeg     . . .     Faith    .   b - +0 scale mail
rPois    .         Spirit   .   (no helmet)
rElec    .         Reflect  .   (no cloak)
rCorr    .         Harm     .   (no gloves)
MR       +....                  h - +0 pair of boots (curse)
Stlth    +.........             (no amulet)
HPRegen  0.17/turn              (no ring)
MPRegen  0.10/turn              (no ring)

@: agile, lethally poisoned (-2 -> -20)
A: clumsy 1, magic resistance 1
a: no special abilities


You were on level 3 of the Dungeon.
You were not hungry.

You visited 1 branch of the dungeon, and saw 3 of its levels.

You collected 97 gold pieces.

Inventory:

Hand Weapons
 a - a +0 war axe (weapon)
Armour
 b - a +0 scale mail (worn)
 c - a +0 shield (worn)
 h - a cursed +0 pair of boots (worn)
Scrolls
 e - a scroll of remove curse {unknown}
 i - 4 scrolls of identify {unknown}
 l - 2 scrolls of teleportation {unknown}
 n - 4 scrolls of immolation {unknown}
 o - 4 scrolls of amnesia {unknown}
 p - a scroll of fog {unknown}
 r - a scroll of enchant weapon {unknown}
Potions
 d - a potion of might
Comestibles
 f - 7 rations


   Skills:
 + Level 4.6 Fighting
 + Level 5.7 Axes
 + Level 4.1 Armour
 + Level 1.2 Dodging
 + Level 0.2 Stealth
 + Level 4.7 Shields


You had 5 spell levels left.
You didn't know any spells.

Dungeon Overview and Level Annotations

Branches:
Dungeon (3/15)

Altars:
Qazlal


Innate Abilities, Weirdness & Mutations

You are clumsy. (Dex -2)
You are resistant to hostile enchantments. (MR+)


Message History

The gnoll is severely wounded.
Your shield and scale mail prevent you from hitting the goblin.
* * * LOW HITPOINT WARNING * * *
You feel sick. You block the gnoll's attack. You block the goblin's attack.
The gnoll hits you but does no damage.
You are more poisoned.
Your magical contamination has completely faded away.
You hit the gnoll.
The gnoll is almost dead.
You hit the goblin.
You kill the goblin!
* * * LOW HITPOINT WARNING * * *
You feel sick. You block the gnoll's attack. The gnoll misses you.
Unknown command.
You slash the gnoll!
You kill the gnoll!
* * * LOW HITPOINT WARNING * * *
You feel very sick.
The gnoll hits you from afar with a halberd.
You die...

##. .. gg #g #g
######g###
.<....)).########### ###
......)@)..........###..
.........####...........
.........# #...........
(........# #...........
.......... #...........
........... #...........
........... #...........
...........##...........
#######...##.........#.


You could see a gnoll and 4 goblins.

Vanquished Creatures
  Sigmund (D:3)
  Robin (D:3)
  4 adders
  2 gnolls (D:3)
  2 oozes
  A worm (D:2)
  2 dart slugs (D:1)
  3 leopard geckos
  5 bats
  A giant cockroach (D:2)
  11 goblins
  5 hobgoblins
  10 jackals
  5 kobolds
  A quokka (D:3)
  A frilled lizard (D:2)
  4 rats
59 creatures vanquished.

Notes
Turn   | Place    | Note
-------+----------+-------------------------------------------
     0 | D:1      | terra52 the Hill Orc Fighter began the quest for the Orb.
     0 | D:1      | Reached XP level 1. HP: 19/19 MP: 1/1
    95 | D:1      | Reached XP level 2. HP: 27/27 MP: 2/2
   446 | D:1      | Reached skill level 3 in Axes
   475 | D:1      | Reached XP level 3. HP: 7/33 MP: 3/3
   976 | D:2      | Reached XP level 4. HP: 40/40 MP: 4/4
  1092 | D:2      | Reached skill level 4 in Axes
  1149 | D:3      | Found a stormy altar of Qazlal.
  1219 | D:3      | Noticed Sigmund
  1234 | D:3      | Gained mutation: You are clumsy. (Dex -2) [potion of mutation]
  1234 | D:3      | Gained mutation: You are resistant to hostile enchantments. (MR+) [potion of mutation]
  1285 | D:3      | Killed Sigmund
  1285 | D:3      | Reached skill level 5 in Axes
  1285 | D:3      | Reached skill level 1 in Dodging
  1285 | D:3      | Reached XP level 5. HP: 21/47 MP: 5/5
  1285 | D:3      | Reached XP level 6. HP: 24/53 MP: 6/6
  1327 | D:3      | Noticed Robin
  1339 | D:3      | Killed Robin
  1342 | D:3      | Slain by a gnoll

Skill      XL: |  1  2  3  4 |
---------------+-------------+-----
Fighting       | 4 |  4.6
Axes           | 3 5 |  5.7
Shields        | 4 |  4.7
Armour         | 4 |  4.1
Dodging        | 1 |  1.2
Stealth        | |  0.2

Action                   |  1- 3 |  4- 6 || total
-------------------------+-------+-------++-------
Melee: War axe           |   149 |    57 ||   206
  Use: Potion            |       |     5 ||     5
 Stab: Invisible         |       |     1 ||     1
  Eat: Chunk             |     1 |     1 ||     2
Armor: Scale mail        |    87 |    16 ||   103
       Skin              |       |     8 ||     8
Dodge: Dodged            |    58 |    37 ||    95
Block: Shield            |    73 |    44 ||   117
